Cogmind - Beta 14 @@@ ROGUE MODE // 2024.10.28 @ 02:03:07 Player: KTG-V3 Result: Destroyed by NK-0LA with NK-0LA's Tesla Doomcannon Performance ------------- Evolutions (1) 500 Regions Visited (6) 1200 Robots Destroyed (79) 395 Value Destroyed (1441) 1441 Prototype IDs (33) 660 Alien Tech Used (0) 0 Bonus (-645) -645 TOTAL SCORE: 3551 Bonus ------- High Alert Combat Kills 22 Follower Combat Kills 97 Aligned with FarCom 300 Friendly Fire -1064 Cogmind --------- Core Integrity 0/400 Matter 189/300 Energy 83/100 System Corruption 25% Temperature Cool (38) Movement Core (1450) Ox28 Location -8/Mines Parts ------- > --- POWER (1) -------- (None) > --- PROPULSION (3) --- (None) > --- UTILITY (3) ------ Huge Storage Unit Experimental Targeting Computer > --- WEAPON (2) ------- Advanced Beam Cannon Heavy Assault Rifle > --- INVENTORY (25) --- Improved Ion Engine Light Neutrino Core Light Treads Combat Antigrav System High-capacity Matter Pod (183) High-capacity Matter Pod (0) Seismic Detector Hacking Suite Advanced Component Analysis Suite High-powered Tractor Beam AS-neutralizer No. 17b EM Pulse Cannon EM Pulse Cannon EM Pulse Cannon Grenade Launcher Rocket Launcher YI-UF0's Doublenader Peak State ------------ > --- POWER ------------ Improved Ion Engine > --- PROPULSION ------- Armored Treads Potential Leg Potential Leg > --- UTILITY ---------- Improved Heat Sink Huge Storage Unit Splice Drone Bay > --- WEAPON ----------- Heavy Assault Rifle Heavy Assault Rifle > --- INVENTORY -------- Improved Ion Engine Armored Treads Armored Treads Armored Treads Heat Sink Improved Heat Sink High-capacity Matter Pod Hacking Suite High-powered Tractor Beam Advanced Beam Cannon Advanced Beam Cannon Heavy Assault Rifle Heavy Assault Rifle Heavy Assault Rifle Grenade Launcher Rocket Launcher YI-UF0's Doublenader [Rating: 44] Favorites ----------- Power Improved Ion Engine Engine Improved Ion Engine Power Core Reinforced Fission Core Propulsion Light Treads Treads Light Treads Leg Potential Leg Wheel Wheel Utility Improved Heat Sink Device Improved Heat Sink Storage Huge Storage Unit Processor Experimental Targeting Computer Protection Light Armor Plating Weapon Advanced Beam Cannon Energy Gun Medium Laser Energy Cannon Advanced Beam Cannon Ballistic Gun Light Assault Rifle Ballistic Cannon Light Cannon Launcher Rocket Launcher Build | -11 -10 -10 -9 -9 -9 -8 ------- Run | Yrd Mat Min Mat Min Exi Min Slots Evolved 2 | . . . 2 . . . Power . | . . . . . . . Propulsion 1 | . . . 1 . . . Utility 1 | . . . 1 . . . Weapon . | . . . . . . . Parts Attached 116 | 8 15 8 35 8 31 11 Power 14 | 2 2 . 5 . 5 . Engine 10 | 2 2 . 5 . 1 . Core 4 | . . . . . 4 . Reactor . | . . . . . . . Propulsion 32 | 2 2 . 17 2 5 4 Treads 28 | 2 2 . 15 2 3 4 Leg 2 | . . . . . 2 . Wheel 2 | . . . 2 . . . Hover . | . . . . . . . Flight . | . . . . . . . Utility 33 | 2 4 2 6 4 12 3 Device 20 | 1 1 2 5 2 6 3 Storage 8 | 1 3 . 1 1 2 . Processor 1 | . . . . . 1 . Hackware . | . . . . . . . Protection 4 | . . . . 1 3 . Artifact . | . . . . . . . Weapon 37 | 2 7 6 7 2 9 4 Energy Gun 6 | 2 2 1 1 . . . Energy Cannon 13 | . . 2 6 1 3 1 Ballistic Gun 8 | . 1 . . . 4 3 Ballistic Cannon 4 | . 3 1 . . . . Launcher 6 | . 1 2 . 1 2 . Special Weapon . | . . . . . . . Impact Weapon . | . . . . . . . Slashing Weapon . | . . . . . . . Piercing Weapon . | . . . . . . . Special Melee Weapon . | . . . . . . . Unidentified Prototypes 8 | . . 2 3 . 3 . Corrupted Parts 2 | . 1 . 1 . . . System Corruption 3 | . 1 . 2 . . . Parts Lost 22 | . 2 . . . 7 13 Power 2 | . 1 . . . . 1 Propulsion 7 | . . . . . . 7 Utility 8 | . 1 . . . 5 2 Weapon 5 | . . . . . 2 3 Highest Loss Streak 13 | . 1 . . . 6 13 To Critical Strikes . | . . . . . . . Average Slot Usage (%) 96 | . 98 99 99 100 89 88 Engine 10 | . 14 14 10 11 5 . Core 1 | . . . . . 5 8 Treads 28 | . 27 28 30 33 25 28 Leg 1 | . . . . . 7 . Device 16 | . 12 14 21 17 14 6 Storage 12 | . 14 14 11 11 11 11 Processor 1 | . . . . . 5 11 Protection 1 | . . . . 4 1 . Energy Gun 6 | . 16 14 4 . . . Energy Cannon 10 | . . 2 16 21 10 15 Ballistic Gun 1 | . 4 . . . 3 6 Ballistic Cannon 3 | . 6 10 1 . . . Peak Build Rating 44 | 7 11 15 24 23 44 36 Average Rating 20 | 5 8 11 19 22 33 30 On Entrance 15 | . 7 11 12 22 23 36 Naked Turns . | . . . . . . . Heaviest Build 116 | 15 89 52 97 99 116 110 Greatest Support 63 | 40 40 40 60 63 63 60 Greatest Overweight (x) 8 | . 2 1 8 1 2 1 Average Overweight (x) 1 | . . 1 2 1 1 1 Largest Inventory Capacity 25 | 8 25 20 25 25 25 25 Average Capacity 22 | 7 19 20 24 25 25 25 Most Carried 25 | 7 20 20 25 25 25 25 Average Carried 21 | 3 14 19 23 24 23 22 Final Capacity 25 | 8 20 20 25 25 25 25 Final Carried 25 | 7 19 20 25 25 25 17 Class Distribution -------------------- 50% | Mutant 49% | Scavenger-Mutant Dominant Class ---------------- Mutant | -10/Materials Mutant | -10/Mines Scavenger-Mutant | -9/Materials Scavenger-Mutant | -9/Mines Mutant | -9/Exiles Mutant | -8/Mines Resources | -11 -10 -10 -9 -9 -9 -8 ----------- Run | Yrd Mat Min Mat Min Exi Min Matter Collected 2919 | 280 368 116 469 222 1464 . Remotely 55 | . . . 55 . . . Salvage Created 2900 | 79 570 115 1384 257 495 . Parts 195 | 7 38 4 90 12 44 . Haulers Intercepted 6 | . 2 . 4 . . . Recyclers Shooed 2 | 1 . . 1 . . . Parts Field Recycled . | . . . . . . . Retrieved Matter . | . . . . . . . Parts Self-Destructed . | . . . . . . . Prevented . | . . . . . . . Kills | -11 -10 -10 -9 -9 -9 -8 ------- Run | Yrd Mat Min Mat Min Exi Min Combat Hostiles Destroyed 44 | . 12 . 20 7 5 . Guns 13 | . 10 . 2 . 1 . Cannons 24 | . 2 . 16 6 . . AOE 5 | . . . . 1 4 . Classes Destroyed 14 | 2 5 . 3 2 2 . Worker 8 | . 3 1 4 . . . Builder 1 | . . . 1 . . . Tunneler 2 | 1 . . . 1 . . Hauler 6 | . 2 . 4 . . . Recycler 5 | 1 1 . 2 1 . . Operator 2 | . . . 2 . . . Turret 1 | . . . . . 1 . Watcher 5 | . 3 . 2 . . . Swarmer 12 | . 6 . 2 4 . . Grunt 17 | . 6 . 10 1 . . Brawler 1 | . . . . 1 . . Sentry 8 | . . . 8 . . . Zionite 7 | . . . . . 7 . Assembled 5 | . . . . 1 4 . Best Kill Streak 4 | 1 3 1 3 4 4 . Combat Bots Only 4 | . 3 . 2 4 4 . Max Kills in Single Turn 2 | 1 1 1 1 1 2 . Gunslinging . | . . . . . . . Exploded 2 | . . . . 1 2 . Melee . | . . . . . . . Uniques/NPCs Destroyed 5 | . . 1 . . 4 . YI-UF0 (-10/Mines) 8R-AWN (-9/Exiles) EX-DEC (-9/Exiles) EX-BIN (-9/Exiles) EX-HEX (-9/Exiles) Combat | -11 -10 -10 -9 -9 -9 -8 -------- Run | Yrd Mat Min Mat Min Exi Min Hostile Shots Fired 396 | . 65 . 52 23 144 112 Missed 105 | . 19 . 20 5 26 35 Damage Taken 4932 | . 549 . 433 157 1988 1805 Core 484 | . 69 . 37 23 180 175 Absorbed by Shields . | . . . . . . . Regen/Repaired (Parts) 377 | . 189 . 188 . . . Core Remaining (%) 86 | 100 . 72 . . . . Volleys Fired 319 | 12 75 8 71 21 117 15 Largest 2 | 2 2 2 2 2 2 2 Hottest 136 | 90 90 118 136 136 136 91 Shots Fired 582 | 19 140 15 142 33 203 30 Gun 279 | 19 110 7 27 . 101 15 Cannon 280 | . 29 7 115 32 82 15 Launcher 23 | . 1 1 . 1 20 . Special . | . . . . . . . Kinetic 184 | . 56 1 11 . 101 15 Thermal 348 | 12 67 13 127 32 82 15 Explosive 23 | . 1 1 . 1 20 . Electromagnetic 27 | 7 16 . 4 . . . Robot Hit Streak 24 | 3 9 17 24 5 13 15 Robot Miss Streak 4 | 3 4 . 3 2 3 1 Penetration Max . | . . . . . . . Secondary Targets . | . . . . . . . Shots Hit Robots 359 | 9 78 13 94 17 120 28 Core Hits 129 | 3 28 5 36 10 44 3 Critical Kills 1 | . . . 1 . . . Critical Parts Destroyed . | . . . . . . . Critical Strikes 11 | . 3 . 8 . . . Burn 9 | . 3 . 6 . . . Meltdown 1 | . . . 1 . . . Corrupt 1 | . . . 1 . . . Melee Attacks . | . . . . . . . Impact . | . . . . . . . Slashing . | . . . . . . . Piercing . | . . . . . . . Sneak Attacks . | . . . . . . . Combat Hostiles . | . . . . . . . Follow-up Attacks . | . . . . . . . Damage Inflicted 6769 | 140 1057 215 1888 482 2657 330 Guns 2519 | 117 733 75 384 . 1030 180 Cannons 3486 | . 324 140 1504 346 1022 150 Explosions 764 | 23 . . . 136 605 . Melee . | . . . . . . . Ramming . | . . . . . . . Kinetic 1777 | . 451 15 101 . 1030 180 Thermal 3960 | 85 476 200 1681 346 1022 150 Explosive 741 | . . . . 136 605 . Electromagnetic 291 | 55 130 . 106 . . . Impact . | . . . . . . . Slashing . | . . . . . . . Piercing . | . . . . . . . Highest Corruption 24 | . 2 2 7 7 9 24 Average Corruption 5 | . 1 2 6 7 7 14 Corruption Purged . | . . . . . . . Corruption Blocked . | . . . . . . . Effects 244 | . 22 13 56 65 84 4 Message Errors 56 | . 2 2 15 16 21 . Matter Fused 59 | . 11 2 13 13 18 2 Heat Flow Errors 35 | . 2 3 6 11 12 1 Energy Discharges 23 | . . 4 5 5 9 . Parts Rejected 2 | . 1 . . . 1 . Parts Fused 2 | . . 1 . . 1 . Data Loss (minor) 39 | . 3 1 8 14 12 1 Data Loss (major) 6 | . 1 . 2 3 . . Misfires 3 | . . . 2 . 1 . Alerts 9 | . . . 4 3 2 . Weapon Failures 10 | . 2 . 1 . 7 . Overload Shots . | . . . . . . . Overflow Damage 56 | . 12 . 26 3 15 . Projectiles 40 | . 12 . 26 2 . . Explosions 16 | . . . . 1 15 . Melee . | . . . . . . . Knockbacks 5 | . 4 . 1 . . . Impact . | . . . . . . . Kinetic 5 | . 4 . 1 . . . Secondary . | . . . . . . . Self-Inflicted Damage 10 | . . . . 10 . . Shots 1 | . . . . 1 . . Rammed . | . . . . . . . Targets Rammed . | . . . . . . . Kicked . | . . . . . . . Crushed . | . . . . . . . Highest Temperature 441 | 90 270 245 187 397 441 169 Average Temperature 80 | 38 75 71 49 125 113 40 Received Heat Transfer 402 | . 249 . 153 . . . Effects 7 | . 1 . . 2 4 . Shutdowns 1 | . . . . . 1 . Energy Bleed 2 | . 1 . . 1 . . Interference 3 | . . . . . 3 . Short Circuit 1 | . . . . 1 . . Siege Activations . | . . . . . . . Robots Corrupted . | . . . . . . . Combat Hostiles . | . . . . . . . Parts Fried . | . . . . . . . Impact Corruptions . | . . . . . . . Robots Melted 3 | . . . 2 . 1 . Combat Hostiles 2 | . . . 2 . . . Parts Melted 34 | . 2 . 11 . 21 . Heat Transferred 8547 | 235 1628 444 3626 629 1850 135 Parts Sabotaged . | . . . . . . . Parts Stolen . | . . . . . . . Parts Stripped . | . . . . . . . Power Chain Reactions 1 | 1 . . . . . . Alert | -11 -10 -10 -9 -9 -9 -8 ------- Run | Yrd Mat Min Mat Min Exi Min Peak Influence 443 | 10 198 34 443 168 . . Initial 168 | . 6 14 . 168 . . Average 92 | 5 63 10 230 38 . . Maximum Alert Level 2 | . . . 2 . . . Low Security (%) 85 | 100 100 100 47 100 . 100 Level 1 8 | . . . 29 . . . Level 2 6 | . . . 22 . . . Level 3 . | . . . . . . . Level 4 . | . . . . . . . Level 5 . | . . . . . . . High Security . | . . . . . . . Max Security . | . . . . . . . Squads Dispatched 4 | . . . 4 . . . Investigation 1 | . . . 1 . . . Extermination . | . . . . . . . Reinforcement 3 | . . . 3 . . . Assault . | . . . . . . . Garrison . | . . . . . . . Intercept . | . . . . . . . Searches Triggered . | . . . . . . . Construction Impeded . | . . . . . . . Haulers Reinforced . | . . . . . . . Active Scanning Responses . | . . . . . . . Cargo Convoy Interrupts . | . . . . . . . Stealth | -11 -10 -10 -9 -9 -9 -8 --------- Run | Yrd Mat Min Mat Min Exi Min Distress Signals 5 | . 2 . 3 . . . Communications Jammed . | . . . . . . . Distress Signals . | . . . . . . . Times Spotted 91 | . 31 . 35 8 16 1 Peak Tracking Total 9 | . 4 . 6 4 9 1 Tactical Retreats 9 | . 4 . 2 1 2 . Traps | -11 -10 -10 -9 -9 -9 -8 ------- Run | Yrd Mat Min Mat Min Exi Min Traps Triggered 2 | . 1 . 1 . . . Indirectly . | . . . . . . . Trap Hack Attempts . | . . . . . . . Triggered . | . . . . . . . Disarmed . | . . . . . . . Reprogrammed . | . . . . . . . Reused . | . . . . . . . Traps Extracted . | . . . . . . . Installed . | . . . . . . . Triggered 1 | . . 1 . . . . Machines | -11 -10 -10 -9 -9 -9 -8 ---------- Run | Yrd Mat Min Mat Min Exi Min Machines Disabled 19 | . . . 3 1 15 . Max in Single Turn 2 | . . . 1 1 2 . Machines Repaired . | . . . . . . . Machines Dismantled . | . . . . . . . Machines Sabotaged . | . . . . . . . Overloaded Fab Kills . | . . . . . . . Hacking | -11 -10 -10 -9 -9 -9 -8 --------- Run | Yrd Mat Min Mat Min Exi Min Machines Accessed 20 | . 8 1 9 . 2 . Terminals 11 | . 6 . 5 . . . Fabricators . | . . . . . . . Repair Stations 3 | . 1 . 2 . . . Recycling Units 2 | . 1 . 1 . . . Scanalyzers 1 | . . . 1 . . . Garrison Access . | . . . . . . . Total Hacks 63 | . 28 1 29 . 5 . Successful 39 | . 14 1 19 . 5 . Failed 23 | . 13 . 10 . . . Catastrophic 6 | . 4 . 2 . . . Database Lockouts 1 | . 1 . . . . . Manual 22 | . 13 . 8 . 1 . Terminals 34 | . 20 . 14 . . . Fabricators . | . . . . . . . Repair Stations 13 | . 6 . 7 . . . Recycling Units 3 | . 2 . 1 . . . Scanalyzers 7 | . . . 7 . . . Garrison Access . | . . . . . . . Terminal Hacks 20 | . 9 1 5 . 5 . Record 4 | . . . . . 4 . Part Schematic 3 | . 2 . 1 . . . Robot Schematic 1 | . 1 . . . . . Prototype ID Bank 1 | . 1 . . . . . Open Door 1 | . . 1 . . . . Level Access Points 1 | . 1 . . . . . Branch Access Points 1 | . 1 . . . . . Emergency Access Points 1 | . . . 1 . . . Locate Traps 4 | . 1 . 3 . . . Hauler Manifests 1 | . 1 . . . . . Zone Layout 1 | . 1 . . . . . Derelict Proto ID Bank 1 | . . . . . 1 . Fabricator Hacks . | . . . . . . . Repair Station Hacks 10 | . 4 . 6 . . . Scan Component 5 | . 2 . 3 . . . Repair 5 | . 2 . 3 . . . Recycling Unit Hacks 2 | . 1 . 1 . . . Retrieve Components 2 | . 1 . 1 . . . Scanalyzer 6 | . . . 6 . . . Insert Component 3 | . . . 3 . . . Analyze 3 | . . . 3 . . . Garrison Access Hacks . | . . . . . . . Unauthorized Hacks 1 | . . . 1 . . . Terminals 1 | . . . 1 . . . Track 1 | . . . 1 . . . Fabricators . | . . . . . . . Repair Stations . | . . . . . . . Recycling Units . | . . . . . . . Scanalyzers . | . . . . . . . Garrison Access . | . . . . . . . Data Cores Recovered . | . . . . . . . Used . | . . . . . . . Hacking Detections 13 | . 6 . 7 . . . Full Trace Events 1 | . 1 . . . . . Feedback Events . | . . . . . . . Feedback Blocked . | . . . . . . . Robot Schematics Acquired 1 | . 1 . . . . . Robots Built . | . . . . . . . Authchips . | . . . . . . . Time . | . . . . . . . Total Robot Build Rating . | . . . . . . . Part Schematics Acquired 6 | . 2 . 4 . . . Parts Built . | . . . . . . . Authchips . | . . . . . . . Time . | . . . . . . . Total Part Build Rating . | . . . . . . . Parts Repaired 5 | . 2 . 3 . . . Time 136 | . 52 . 84 . . . Parts Recycled . | . . . . . . . Recycled Matter . | . . . . . . . Retrieved Matter . | . . . . . . . Retrieved Components 3 | . 1 . 2 . . . Parts Scanalyzed 3 | . . . 3 . . . Part Schematics Acquired 3 | . . . 3 . . . Parts Damaged . | . . . . . . . Bothacking | -11 -10 -10 -9 -9 -9 -8 ------------ Run | Yrd Mat Min Mat Min Exi Min Used RIF Installer . | . . . . . . . Robots Hacked . | . . . . . . . Non-combat . | . . . . . . . Combat . | . . . . . . . Robot Hacks Applied . | . . . . . . . Relay Couplers Released . | . . . . . . . Fabnet Peak Effective % . | . . . . . . . Robots Rewired . | . . . . . . . Allies Hacked . | . . . . . . . Hacks Repelled . | . . . . . . . Allies | -11 -10 -10 -9 -9 -9 -8 -------- Run | Yrd Mat Min Mat Min Exi Min Total Allies 4 | . . 3 . 1 . . Largest Group 3 | . . 3 3 1 . . Highest-Rated Group 40 | . . 40 40 31 . . Highest-Rated Ally 31 | . . 16 16 31 . . Total Orders . | . . . . . . . Ally Attacks 37 | . . . 28 3 4 2 Total Damage 332 | . . . 245 41 26 20 Kills 7 | . . . 6 1 . . Allies Corrupted . | . . . . . . . Allies Melted . | . . . . . . . Intel | -11 -10 -10 -9 -9 -9 -8 ------- Run | Yrd Mat Min Mat Min Exi Min Robot Analysis Total . | . . . . . . . Derelict Logs Recovered 2 | . . 1 . 1 . . Drone Launches 6 | . . . . . 4 2 Drone Recoveries 4 | . . . . . 3 1 Exploration | -11 -10 -10 -9 -9 -9 -8 ------------- Run | Yrd Mat Min Mat Min Exi Min Turns Passed 10944 | 161 2377 1210 2263 2273 2578 82 Spaces Moved 4056 | 72 923 489 815 773 974 10 Core 2 | 2 . . . . . . Treads 3451 | 70 923 489 623 773 563 10 Legs 411 | . . . . . 411 . Wheels 192 | . . . 192 . . . Hover . | . . . . . . . Flight . | . . . . . . . Fastest Speed 50 | 50 160 240 155 240 125 250 Average Speed 224 | 156 222 240 219 240 214 250 Slowest Speed 330 | 160 320 240 330 240 250 250 Overloaded Moves 7 | . . . . . 7 . Propulsion Burnouts . | . . . . . . . Robots Hopped . | . . . . . . . Cave-ins Triggered . | . . . . . . . Exploration Rate (%) 67 | 5 98 90 80 99 91 10 Regions Visited 6 Branch Regions 4 Pre-discovered Areas 1 | . . . . . 1 . Known Exits Taken 2 | . 1 1 . . . . Unknown Exits Taken 4 | 1 . . 1 1 1 . Scrap Searched 2 | . . 1 . 1 . . Spaces Dug . | . . . . . . . Terrain Destroyed 46 | 4 2 10 . 7 23 . Melee . | . . . . . . . Projectile . | . . . . . . . AOE 46 | 4 2 10 . 7 23 . Terrain Rammed . | . . . . . . . Walls Destroyed . | . . . . . . . Machines Disabled . | . . . . . . . Actions | -11 -10 -10 -9 -9 -9 -8 --------- Run | Yrd Mat Min Mat Min Exi Min Total 5331 | 97 1106 510 1162 1158 1262 36 Wait 670 | . 67 . 166 352 85 . Move 4050 | 71 922 488 814 772 973 10 Hop . | . . . . . . . Pick Up 86 | 6 19 1 34 1 25 . Fast Attach 33 | 7 3 4 7 2 10 . Attach 24 | . 1 . 4 1 10 8 Detach 4 | . . 1 . . 3 . Swap 59 | 1 11 4 24 5 11 3 Drop 86 | . 8 4 42 4 28 . Fire 319 | 12 75 8 71 21 117 15 Melee . | . . . . . . . Ram . | . . . . . . . Kick . | . . . . . . . Crush . | . . . . . . . Escape Stasis . | . . . . . . . Rewire . | . . . . . . . Trap . | . . . . . . . Miscellaneous . | . . . . . . . Route ------- -11/Scrapyard -10/Materials (discovered 4 exits: *Mat x3 / *Min) -10/Mines (discovered 2 exits: *Mat x2) -9/Materials (discovered 5 exits: *Mat x3 / [*Min] / *Sto) -9/Mines (discovered 3 exits: *Mat x2 / *Exi) -9/Exiles -8/Mines History --------- Turn | Location | Event 31 | -11/Scrapyard | Discovered new exit (range 15) 162 | -11/Scrapyard | Entered Materials 282 | -10/Materials | Central database locked down 318 | -10/Materials | Build established: Mutant 577 | -10/Materials | Discovered new exit (range 7) 607 | -10/Materials | Identified exit to Mines 1169 | -10/Materials | Discovered new exit (range 7) 1232 | -10/Materials | Build established: Scavenger-Mutant 1298 | -10/Materials | Identified exit to Materials 1676 | -10/Materials | Build established: Mutant 2014 | -10/Materials | Repaired Lgt. Treads 2041 | -10/Materials | Repaired Lgt. Treads 2539 | -10/Materials | Entered Mines 2554 | -10/Mines | YI-UF0 nonchalantly dropped a Grenade Launcher on the ground 2572 | -10/Mines | Murdered YI-UF0 2580 | -10/Mines | Found Prototype Launcher 2580 | -10/Mines | Identified YI-UF0's Doublenader 2696 | -10/Mines | Assisted by bots powering up and referring to "LRC-V3" 2994 | -10/Mines | Discovered exit to Materials (range 10) 3091 | -10/Mines | Found the Drone Emporium 3103 | -10/Mines | Found Prototype Device 3103 | -10/Mines | Identified Splice Drone Bay 3278 | -10/Mines | Learned 8 Materials zone layouts 3466 | -10/Mines | Discovered exit to Materials (range 12) 3749 | -10/Mines | Entered Materials 3749 | -9/Materials | Accompanied by 3 allies 3749 | -9/Materials | Evolved 2 slots: Propulsion x1, Utility x1 3750 | -9/Materials | Identified exit to Storage 3750 | -9/Materials | Identified exit to Materials 4074 | -9/Materials | Discovered exit to Materials (range 14) 4130 | -9/Materials | Repaired Lgt. Treads 4289 | -9/Materials | Discovered new exit (range 16) 4314 | -9/Materials | Build established: Scavenger-Mutant 5350 | -9/Materials | Discovered exit to Materials (range 15) 5644 | -9/Materials | Repaired Lgt. Treads 5678 | -9/Materials | Repaired Imp. Ion Engine 6012 | -9/Materials | Entered Mines 6040 | -9/Mines | Assembled infested the area 6454 | -9/Mines | Received a Rocket Launcher from a helpful Derelict 6551 | -9/Mines | Received a Mining Laser from a helpful Derelict 6992 | -9/Mines | Discovered exit to Materials (range 7) 7023 | -9/Mines | Deemed a non-threat by the Exiles lab entrance 7670 | -9/Mines | Discovered exit to Materials (range 14) 8275 | -9/Mines | Discovered new exit (range 5) 8285 | -9/Mines | Entered Exiles 8344 | -9/Exiles | Met 8R-AWN 8387 | -9/Exiles | Met EX-HEX 8454 | -9/Exiles | Met EX-BIN 8495 | -9/Exiles | Met EX-DEC 8505 | -9/Exiles | Learned location of Zion (-6) 8577 | -9/Exiles | Aligned with FarCom system 8579 | -9/Exiles | Given EX-Vault access code 8634 | -9/Exiles | Opened EX-Vault 8649 | -9/Exiles | Found Potential Leg 8654 | -9/Exiles | Found Potential Leg 8693 | -9/Exiles | Warned to stay clear of 0b10 Research branches 8969 | -9/Exiles | Build established: Mutant 9339 | -9/Exiles | Attacked by the Exiles 9521 | -9/Exiles | Lost 6 parts (4u2w) 9587 | -9/Exiles | Destroyed 8R-AWN 9611 | -9/Exiles | Found Prototype Device 9611 | -9/Exiles | Identified AS-neutralizer No. 17b 9616 | -9/Exiles | Found Prototype Processor 9616 | -9/Exiles | Identified Exp. Targeting Computer 9969 | -9/Exiles | Core integrity fell below 50% 9983 | -9/Exiles | Destroyed EX-DEC 10107 | -9/Exiles | Destroyed EX-BIN 10151 | -9/Exiles | Destroyed EX-HEX 10828 | -9/Exiles | Discovered new exit (range 14) 10863 | -9/Exiles | Entered Mines 10890 | -8/Mines | NK-0LA came to Exiles' defense 10892 | -8/Mines | System corruption reached 10% 10914 | -8/Mines | Core integrity fell below 20% 10945 | -8/Mines | Destroyed by NK-0LA with NK-0LA's Tesla Doomcannon Last Messages --------------- 10911_ Arm. Treads destroyed. 10917_ Heat Sink destroyed. 10919_ Lgt. Treads destroyed. 10920_ System corrupted: Matter fused (-7). 10922_ Splice Drone released from Splice Drone Bay. 10922_ Splice Drone sneak attacks. 10922_ Splice Drone injecting NK-0LA... 10923_ Splice Drone released from Splice Drone Bay. 10923_ Splice Drone retrieved by Splice Drone Bay. 10923_ Splice Drone sneak attacks. 10923_ Splice Drone injecting NK-0LA... 10923_ Hvy. Assault Rifle destroyed. 10923_ Splice Drone Bay destroyed. 10924_ >> Lost connection to Splice Drone. 10927_ Rnf. Fission Core destroyed. 10933_ Adv. Beam Cannon destroyed. 10933_ Arm. Treads destroyed. 10938_ System corrupted: Component data lost. 10943_ Imp. Treads destroyed. 10943_ Lgt. Treads destroyed. Map ----- +----------------------------------------------------+ | ????????????????????????????????????????????????? | | ????????????????????????????????????????????????? | | ????????????????????????????????????????????????? | | ????????????????????????????????????????????????? | | ????????????????????????????????????????????????? | | ????????????????????????????????????????????????? | | ????????????????????????????????????????????????? | | ????????????????????????????? ??????????????????? | | ????????????????????????????? ??????????????????? | | ????????????????????????????? ????????????????? | | ????????????????????????????? ????????????????? | | ?????????????????????????????# ????????????????? | | ????????????????????????????## ????????????????? | | ???????????????#????????????? ????????????????? | | ?????????????? #????????????? ????????????????? | | ??????????????? ????????????? ????????????????? | | ???????????????? ????????????? ###?????????????? | | ????????????????? ????????????# ##????????????? | | ?????????????????? ??????????## ####?#???????? | | ??????????????????? ??????????# # ???????? | | ???????????????????? ?????????# ???????? | | ????????????????????# ??????#### #???????? | | ????????????????????# ?????# ###????????? | | ???????????????????## #????# ##??????????? | | ???????????# ### ##### ## #???????????? | | ????????????# @ x ### #??????????? | | ??????????????# n #?## #?????????? | | ??????????????## #####???# #????????? | | ???????????????## ##????????# ???????? | | ????????????????## ##??????????# #??????? | | ?????????????????### ###?????????????####??????? | | ???????????????????###??????????????????????????? | | ????????????????????????????????????????????????? | | | | | | | | | | | | | | | | | | | | | | | | | | | | | | | | | | | +----------------------------------------------------+ Best States ------------- Heat Dissipation 52 Energy Generation 19 Energy Capacity 310 Matter Stores 300 Matter Capacity 350 Sight Range 16 Terrain Scan Density 10 Armor Coverage 300 Evasion (%) 40 Targeting Accuracy 12 Recoil Reduction 3 Item Schematics ----------------- Huge Storage Unit | -10/Materials | Hacked Cargo Storage Unit | -10/Materials | Hacked Aluminum Leg | -9/Materials | Scanalyzed Com. Battery | -9/Materials | Scanalyzed EM Pulse Cannon | -9/Materials | Scanalyzed Plasma Cutter | -9/Materials | Hacked Robot Schematics ------------------ M-13 Machinist | -10/Materials | Hacked Fabricated ------------ Nothing Alien Tech Used ----------------- None Achievements -------------- None Challenges ------------ None Game ------ Seed ReactiveCompactReactor Manual? 0 Play Time 00:42:49 Cumulative 169.4 hours Start 2024.10.28 @ 01:05:31 End 2024.10.28 @ 02:03:07 Sessions 5 Manual Loads 0 Difficulty Rogue Special Mode None Game No. 41 Rogue 40 Adventurer 1 Explorer 0 Win Type - Total 14 Types 4/3/4/0/0/0/3/0/0 Lore% 35 Gallery% 69 Achievement% 66 Wizard Run 0 Options --------- Layout 0 ASCII 0 Keyboard 0 Movement Mouse Keybinds 0 Fullscreen 1 Font 18/Terminus Map View 76x50 Zoom Use 0% Tactical HUD 1 Map Filters NONE Filters NONE Steam 0 RUN: 7c2deeea-f15b-4e0c-9739-0e9980ec725a